Map: Dusk Towers

Players

Han - Winner!

  • Race: Terran Terran
  • League: Master

ILLBdA

  • Race: Protoss Protoss
  • League: Platinum

VOD

Have the link to the VOD?

Description

Time

  • Played on: Dec. 14, 2015, 1:56 a.m.
  • Length: 6:44
Show
View Real Time Build Order
Export as new Build Order

Han Terran - Winner!

Build Orders: Reaper Expand 

Get SALT Encoding   

  12  0:01  SCV  
  13  0:13  SCV  
  14  0:17  Supply Depot  
  14  0:25  SCV  
  15  0:39  SCV  
  16  0:43  Barracks  
  16  0:46  Refinery  
  16  0:51  SCV  
  17  1:03  SCV  
  18  1:15  SCV  
  19  1:29  Orbital Command  
  19  1:30  Reaper  
  20  1:42  Command Center  
  20  1:50  Supply Depot  
  20  1:57  SCV  
  21  2:03  Barracks Reactor  
  21  2:09  SCV, Refinery  
  22  2:21  SCV  
  23  2:24  Factory  
  23  2:33  SCV  
  24  2:39  Marine x2  
  26  2:45  SCV  
  27  2:57  SCV, Marine x2  
  30  3:08  Widow Mine  
  30  3:09  SCV, Starport  
  33  3:14  Orbital Command  
  33  3:19  Marine  
  34  3:20  Marine  
  34  3:22  SCV, Bunker  
  36  3:30  Refinery  
  36  3:34  SCV  
  37  3:37  Widow Mine  
  37  3:40  Engineering Bay  
  39  3:42  SCV  
  39  3:46  SCV  
  41  3:48  Supply Depot  
  41  3:54  SCV  
  42  3:55  Marine x2  
  44  4:05  Medivac  
  46  4:10  SCV  
  46  4:11  Supply Depot  
  46  4:13  Barracks  
  46  4:15  Missile Turret  
  47  4:19  SCV, Supply Depot  
  47  4:23  Factory Tech Lab  
  47  4:24  Marine x2  
  49  4:26  SCV  
  51  4:33  Barracks  
  51  4:40  SCV  
  52  4:46  Siege Tank  
  52  4:47  Missile Turret  
  55  4:56  Barracks Tech Lab  
  55  4:59  Medivac  
  57  5:12  Marine  
  57  5:13  SCV  
  58  5:24  Siege Tank  
  58  5:25  Barracks Tech Lab  
  58  5:26  SCV  
  62  5:29  SCV, Refinery  
  62  5:33  Supply Depot  
  63  5:38  SCV  
  63  5:42  Marine x2  
  66  5:44  SCV  
  63  5:50  SCV  
  63  5:52  Supply Depot  
  63  5:53  Supply Depot  
  63  5:56  SCV, Starport Reactor  
  65  6:00  Marauder  
  65  6:01  Marauder  
  65  6:03  SCV  
  70  6:06  Barracks  
  70  6:07  Barracks, Marine  
  70  6:08  Marine  
  72  6:14  SCV  
  73  6:21  Marine  
  73  6:22  Marauder  
  73  6:25  Marine x2  
Show
View Real Time Build Order
Export as new Build Order

ILLBdA Protoss 

Build Orders: Nexus First, Blink Stalkers 

Get SALT Encoding   

  12  0:01  Probe (Chrono Boost)  
  13  0:11  Probe (Chrono Boost)  
  14  0:18  Pylon  
  14  0:22  Probe (Chrono Boost)  
  15  0:36  Probe (Chrono Boost)  
  16  0:47  Probe (Chrono Boost)  
  17  0:58  Nexus  
  17  1:09  Gateway  
  17  1:11  Probe (Chrono Boost)  
  18  1:16  Assimilator  
  18  1:21  Probe (Chrono Boost)  
  18  1:25  Assimilator  
  19  1:32  Probe (Chrono Boost)  
  20  1:42  Probe (Chrono Boost)  
  21  1:53  Probe (Chrono Boost)  
  22  1:56  Pylon  
  22  2:03  Cybernetics Core  
  22  2:04  Probe (Chrono Boost)  
  23  2:11  Probe (Chrono Boost)  
  23  2:14  Probe (Chrono Boost)  
  25  2:22  Probe (Chrono Boost)  
  26  2:25  Probe (Chrono Boost)  
  27  2:32  Probe (Chrono Boost)  
  29  2:40  Mothership Core (Chrono Boost), Adept (Chrono Boost)  
  29  2:41  Probe, Warp Gate  
  33  2:47  Twilight Council  
  33  2:51  Probe  
  33  2:57  Pylon  
  34  3:01  Probe  
  34  3:02  Probe  
  35  3:10  Stalker (Chrono Boost)  
  37  3:12  Probe  
  37  3:13  Probe  
  39  3:20  Pylon  
  39  3:23  Probe  
  39  3:25  Probe  
  41  3:27  Assimilator  
  41  3:31  Assimilator  
  41  3:33  Probe  
  41  3:35  Blink (Chrono Boost)  
  41  3:37  Probe  
  43  3:44  Probe  
  44  3:49  Probe  
  44  3:56  Probe  
  44  4:01  Pylon  
  45  4:06  Probe  
  46  4:13  Gateway, Pylon  
  46  4:14  Stalker  
  48  4:19  Gateway  
  48  4:27  Robotics Facility  
  50  4:35  Gateway  
  50  4:37  Gateway  
  48  4:42  Gateway x2  
  48  4:51  Pylon  
  48  4:54  Pylon  
  48  4:55  Stalker  
  50  5:03  Pylon  
  50  5:14  Stalker x2  
  53  5:24  Observer (Chrono Boost)  
  51  5:29  Forge  
  51  5:45  Stalker  
  51  5:46  Stalker x4  
  61  5:54  Warp Prism (Chrono Boost)  
  63  6:01  Stalker  
  63  6:02  Stalker  
  67  6:12  Photon Cannon  
  67  6:14  Stalker  
  69  6:21  Adept x2  
  71  6:38  Adept x3  
Tags
 
Add a new tag
Caveats
  • Supply blocks, unpowered buildings, or Contaminate may cause inaccurate times.
  • Supply counts are checked every 10 seconds.